details: 'west.is.a.joke'

« prev index next »

General information

Mini Map

Players

team 1
Random» UndeadPKJASON (teal | 107 APM | 1533 actions | 14:19)
Hero icon 4 Pit Lord
Ability icon 2 Rain of Fire
Ability icon 2 Howl of Terror
Hero icon 2 Dark Ranger
Ability icon 1 Black Arrow
Ability icon 1 Silence

» actions
Assign group hotkey37
Basic commands112
Build / train56
ESC pressed8
Enter build submenu11
Enter hero's abilities submenu6
Remove unit from queue1
Right click664
Select / deselect318
Select group hotkey265
Use ability55
1533 total
» units
Acolyte7
Ghoul8
Crypt Fiend13
Gargoyle3
31 total
» upgrades
Creature Carapace1
Creature Attack2
Web2
5 total
» buildings
Altar of Darkness1
Ziggurat3
Crypt2
Graveyard1
Nerubian Tower2
Halls of the Dead1
Tomb of Relics1
Slaughterhouse2
Spirit Tower2
15 total
» build order
00:27 Altar of Darkness
00:32 Ziggurat
00:47 Crypt
01:20 Graveyard
01:48 Ziggurat
02:11 Nerubian Tower
02:11 Nerubian Tower
03:33 Halls of the Dead
03:43 Tomb of Relics
04:38 Ziggurat
09:51 Crypt
10:39 Slaughterhouse
11:19 Spirit Tower
11:30 Spirit Tower
13:05 Slaughterhouse
» items
Potion of Lesser Invulnerability1
Staff of Teleportation1
Scroll of Protection1
3 total
team 2
Orclilyachty (green | 174 APM | 2500 actions | 14:20)
Hero icon 4 Far Seer
Ability icon 2 Feral Spirit
Ability icon 2 Chain Lighting
Hero icon 3 Shadow Hunter
Ability icon 2 Hex
Ability icon 1 Healing Wave
Hero icon 1 Tauren Chieftain
Ability icon 1 War Stomp

» actions
Assign group hotkey31
Basic commands152
Build / train47
ESC pressed2
Enter build submenu13
Enter hero's abilities submenu8
Give item / drop item1
Right click1084
Select / deselect465
Select group hotkey624
Use ability73
2500 total
» units
Peon12
Grunt3
Wind Rider6
21 total
» upgrades
Reinforced Defenses1
Envenomed Spears1
Ranged Weapons1
3 total
» buildings
Altar of Storms1
Orc Burrow4
Barracks1
Voodoo Lounge1
War Mill1
Stronghold1
Beastiary2
Fortress1
Great Hall1
13 total
» build order
00:03 Altar of Storms
00:05 Orc Burrow
00:23 Barracks
01:43 Orc Burrow
02:01 Voodoo Lounge
03:02 War Mill
03:37 Stronghold
03:58 Orc Burrow
05:58 Beastiary
06:00 Beastiary
06:15 Orc Burrow
07:29 Fortress
10:44 Great Hall
» items
Healing Salve3
Lesser Clarity Potion3
Scroll of Speed1
Scroll of Town Portal1
8 total